 Dungeon Crawl Stone Soup version 0.30-a0-125-g51eefa89be (webtiles) character file.

Game seed: 5850511539488091258

2274 Pooter the Ruffian (level 9, 0/83 HPs)
             Began as a Troll Transmuter on Sept 19, 2022.
             Was a Believer of Okawaru.
             Slain by an orc
             ... wielding a +0 trident
              (3 damage)
             ... in a bailey.
             The game lasted 00:39:05 (6164 turns).

Pooter the Ruffian (Troll Transmuter)               Turns: 6164, Time: 00:39:06

Health: 0/83       AC:  5    Str: 22    XL:     9   Next: 16%
Magic:  9/13       EV: 15    Int: 11    God:    Okawaru [**....]
Gold:   371        SH:  5    Dex: 10    Spells: 11/15 levels left

rFire   . . .      SeeInvis .      - Unarmed
rCold   . . .      Faith    .    (no shield)
rNeg    . . .      Spirit   .    c - +0 robe
rPois   .          Reflect  +    (helmet currently unavailable)
rElec   .          Harm     .    B - +0 cloak
rCorr   .          Rampage  .    (gloves unavailable)
Will    .....                    (boots unavailable)
Stlth   +++.......               E - amulet of reflection
HPRegen 1.03/turn                h - +4 ring of evasion
MPRegen 0.13/turn                (no ring)

@: appendages (expiring), heroic, wereblooded
A: horns 2, talons 2, large, unfitting armour, claws 3, regeneration 1, shaggy
fur 1, tough skin 1
a: End Transformation, Renounce Religion, Heroism


You were in a bailey.
You worshipped Okawaru.
Okawaru was pleased with you.
You had temporarily grown beastly horns and talons.
You visited 1 branch of the dungeon, and saw 7 of its levels.
You also visited: Bailey.

You collected 371 gold pieces.

Inventory:

Hand Weapons
 b - a +0 shortbow
   (You took it off a centaur on level 6 of the Dungeon)
 i - a +0 spear
   (You took it off a goblin on level 7 of the Dungeon)
 I - a +1 sling
   (You found it on level 1 of the Dungeon)
 J - the +7 dagger "Bit Hum" {elec, rPois rF+ Dex+3}
   (You found it on level 6 of the Dungeon)

   It occasionally discharges a powerful burst of electricity upon striking a
   foe.
   Dex:       It affects your dexterity (+3).
   rF:        It protects you from fire.
   rPois:     It protects you from poison.
 M - a +0 halberd
   (You took it off an orc in a bailey)
Missiles
 a - 12 poisoned darts (quivered)
 r - 4 boomerangs
 L - 7 large rocks
 N - 5 javelins
 Q - 57 stones
Armour
 c - a +0 robe (worn)
 B - a +0 cloak (worn)
   (You found it on level 5 of the Dungeon)
Jewellery
 h - a +4 ring of evasion (left claw)
   (You found it on level 1 of the Dungeon)
 E - an amulet of reflection (around neck)
   (You found it on level 6 of the Dungeon)
Wands
 d - a wand of iceblast (3)
   (You found it on level 7 of the Dungeon)
 D - a wand of digging (1)
   (You found it on level 4 of the Dungeon)
Scrolls
 j - a scroll of enchant weapon
 k - a scroll of noise {unknown}
 m - a scroll of immolation {unknown}
 o - a scroll of torment {unknown}
 p - a scroll of magic mapping
 s - a scroll of blinking {unknown}
 t - 3 scrolls of teleportation {@r4}
 u - a scroll of silence {unknown}
 y - a scroll of enchant armour
 F - a scroll of butterflies {unknown}
 G - a scroll of vulnerability {unknown}
 K - a scroll of amnesia
Potions
 e - a potion of heal wounds {unknown}
 f - a potion of invisibility {unknown}
 g - a potion of cancellation {unknown}
 l - a potion of lignification {!q}
 n - a potion of attraction {unknown}
 q - a potion of might {unknown}
 v - 2 potions of resistance {unknown}
 w - a potion of flight {unknown}
 x - 3 potions of curing {unknown}
 z - 3 potions of haste {unknown}
 A - a potion of ambrosia {unknown}
 C - a potion of mutation {unknown}
 H - a potion of magic {unknown}


   Skills:
 + Level 3.4(8.4) Fighting
 + Level 1.3(6.3) Ranged Weapons
 + Level 3.5(8.5) Throwing
 - Level 1.7(6.7) Dodging
 * Level 6.8(11.8) Unarmed Combat
 + Level 3.5 Spellcasting
 + Level 2.7 Translocations
 + Level 3.4 Transmutations
 + Level 2.1 Invocations


You had 11 spell levels left.
You knew the following spells:

 Your Spells              Type           Power      Damage    Failure   Level
a - Beastly Appendage     Tmut           18%        N/A       6%          1
b - Wereblood             Tmut           9%         N/A       9%          2
c - Apportation           Tloc           16%        N/A       9%          1

Your spell library contained the following spells:

 Spells                   Type           Power      Damage    Failure   Level
 Passwall                 Tmut/Erth      4%         N/A       19%         2
 Necrotise                Necr           4%         1d4       26%         1
 Sandblast                Erth           2%         2d4       26%         1
 Shock                    Conj/Air       4%         1d3       26%         1
 Cigotuvi's Dreadful Rot  Necr/Pois/Air  2%         N/A       36%         2
 Spider Form              Tmut/Pois      5%         N/A       36%         3
 Stone Arrow              Conj/Erth      2%         3d7       58%         3
 Swiftness                Air            1%         N/A       58%         3
 Ice Form                 Ice/Tmut       5%         N/A       77%         4
 Airstrike                Air            0%         2d(1-17)  94%         4
 Dispel Undead            Necr           1%         3d6       94%         4
 Arcjolt                  Conj/Air       0%         1d10      100%        5
 Iskenderun's Battlesphe  Conj           1%         2d6       100%        5
 Iron Shot                Conj/Erth      0%         9d1       100%        6
 Summon Small Mammal      Summ           Unusable   N/A       N/A         1
 Death Channel            Necr           Unusable   N/A       N/A         6
 Spellforged Servitor     Conj/Summ      Unusable   N/A       N/A         7

Dungeon Overview and Level Annotations

Branches:
Dungeon (7/15)             Temple (0/1) D:5          Bailey (1/1)

Altars:
Cheibriados
Dithmenos
Okawaru
Qazlal
Trog

Annotations:
D:3 3 runed translucent doors, Aneyh's ghost, amateur TeMo


Innate Abilities, Weirdness & Mutations

You have temporarily grown beastly horns and talons.
You are too large for most types of armour.
You have claws for hands.
Your natural rate of healing is unusually fast.
You are covered in fur. (AC +1)
You have tough skin. (AC +1)


Message History

The orc shouts!
You howl as the wereblood boils in your veins!
You hear a shout!
Aim: an orc warrior, wielding a +0 glaive and wearing a +3 ring mail (heavily wounded)
The mass of ice explodes!
The iceblast engulfs the orc warrior! x2
The orc warrior hits you from afar with a +0 glaive.
The orc warrior barely misses you.
You are now empty-clawed.
You block the orc warrior's attack. The orc warrior closely misses you.
The orc warrior hits you with a +0 glaive!
The orc warrior hits you with a +0 halberd!
The orc warrior hits you from afar with a +3 halberd!
You block the orc's attack.
You closely miss the orc warrior. Your kick misses the orc warrior.
Your transformation is almost over.
The orc warrior closely misses you. The orc warrior barely misses you.
The orc warrior closely misses you. The orc misses you.
You miss the orc warrior. You claw the orc warrior!
You feel a bit better.
You kill the orc warrior!
Okawaru accepts your kill.
The orc warrior hits you from afar with a +3 halberd!
* * * LOW HITPOINT WARNING * * *
The orc warrior closely misses you. The orc barely misses you.
The orc completely misses you. The orc warrior closely misses you.
You block the orc's attack. The orc warrior barely misses you.
The orc misses you.
Things that are here:
a +0 glaive; a +3 ring mail You barely miss the orc warrior.
Your kick misses the orc warrior. You headbutt the orc warrior.
You howl as the wereblood boils in your veins!
The orc warrior hits you with a +3 halberd!
* * * LOW HITPOINT WARNING * * *
The orc closely misses you. The orc hits you with a +0 trident.
* * * LOW HITPOINT WARNING * * *
The orc warrior hits you with a +0 halberd!
* * * LOW HITPOINT WARNING * * *
You mangle the orc warrior!! Your kick misses the orc warrior.
You block the orc warrior's attack. You block the orc's attack.
The orc warrior closely misses you. The orc closely misses you.
Unknown command.
You scratch the orc warrior. Your kick misses the orc warrior.
Unknown command.
You scratch the orc warrior but do no damage.
You headbutt the orc warrior, but do no damage.
The orc warrior hits you with a +3 halberd!
* * * LOW HITPOINT WARNING * * *
The orc hits you from afar with a +0 trident.
You die...

##.≈.≈≈..≈≈≈≈≈..≈≈..⌠≈
#.≈≈.≈≈≈.....≈≈≈...≈≈ .
#..≈≈.)≈≈≈≈≈≈≈....≈≈#
..
#.⌠)≈≈≈.......≈≈..≈##
...##..))≈≈≈≈≈≈≈≈≈...≈#
....#####............≈#
......o⌠##########'####
#.....oo...)..........#
#...)o@.............##
##≈≈≈≈≈≈≈≈≈≈≈≈≈≈≈≈≈##
###################


You could see 2 orc warriors and 2 orcs.

Vanquished Creatures
  2 orc warriors
  2 black bears
  An ice beast (D:7)
  2 sky beasts
  An ogre (D:5)
  3 centaurs
  2 phantoms (D:5)
  2 scorpions
  2 bullfrogs (D:7)
  4 wights (D:7)
  4 jellies
  2 orc priests
  4 hounds
  2 iguanas
  4 orc wizards
  3 gnolls (D:5)
  9 adders
  A shadow imp (D:7)
  A white imp (D:6)
  An ufetubus (D:5)
  2 worms
  5 dart slugs
  21 orcs
  4 ball pythons
  2 bats
  4 endoplasms
  4 giant cockroaches
  10 goblins
  5 hobgoblins
  7 jackals
  2 kobolds
  5 quokkas
  3 frilled lizards
  3 rats
129 creatures vanquished.

Vanquished Creatures (others)
  2 fungi (D:4)
2 creatures vanquished.

Grand Total: 131 creatures vanquished

Notes
Turn   | Place    | Note
-------+----------+-------------------------------------------
     0 | D:1      | Pooter the Troll Transmuter began the quest for the Orb.
     0 | D:1      | Reached XP level 1. HP: 18/18 MP: 1/1
   190 | D:1      | Reached skill level 1 in Fighting
   190 | D:1      | Reached XP level 2. HP: 23/27 MP: 2/2
   943 | D:2      | Reached XP level 3. HP: 16/33 MP: 2/4
  1031 | D:2      | Learned a level 2 spell: Wereblood
  1213 | D:2      | Found a faded altar of an unknown god.
  1226 | D:2      | Got Plato's Spellbook of Displacement
  1229 | D:2      | Learned a level 1 spell: Apportation
  2093 | D:3      | Reached XP level 4. HP: 36/41 MP: 3/5
  2353 | D:3      | Found a runed translucent gate.
  2353 | D:3      | Found a runed translucent gate.
  2353 | D:3      | Found a runed translucent gate.
  2356 | D:3      | Noticed Aneyh's ghost (amateur TeMo)
  2386 | D:3      | Identified the +0 leather armour of Trial and Error {-Cast
                  | +Blink rPois Stlth+}
  2797 | D:3      | Reached skill level 1 in Throwing
  2820 | D:4      | Found a shadowy altar of Dithmenos.
  2954 | D:4      | Reached XP level 5. HP: 48/48 MP: 6/6
  2987 | D:4      | Found an iron altar of Okawaru.
  3001 | D:4      | Became a worshipper of Warmaster Okawaru
  3016 | D:4      | Found a stormy altar of Qazlal.
  3198 | D:4      | Reached skill level 4 in Unarmed Combat
  3518 | D:4      | Found a snail-covered altar of Cheibriados.
  3636 | D:5      | Entered Level 5 of the Dungeon
  3648 | D:4      | Reached skill level 1 in Translocations
  3648 | D:4      | Reached XP level 6. HP: 47/57 MP: 8/8
  3782 | D:5      | Reached * piety under Okawaru
  3884 | D:5      | Found a staircase to the Ecumenical Temple.
  3902 | D:5      | Reached XP level 7. HP: 31/65 MP: 5/9
  4006 | D:5      | Reached skill level 5 in Unarmed Combat
  4315 | D:5      | Identified the +1 scale mail of a sewer {rPois Str+3 Int+3
                  | Slay+3}
  4323 | D:5      | Reached ** piety under Okawaru
  4406 | D:5      | Found a bloodstained altar of Trog.
  5101 | D:6      | Reached XP level 8. HP: 66/74 MP: 9/11
  5245 | D:6      | Identified the +7 dagger "Bit Hum" {elec, rPois rF+ Dex+3}
  5388 | D:7      | Reached skill level 1 in Invocations
  5446 | D:7      | Reached skill level 6 in Unarmed Combat
  5487 | D:7      | Reached *** piety under Okawaru
  5636 | D:7      | Reached skill level 1 in Ranged Weapons
  5650 | D:7      | Reached XP level 9. HP: 78/83 MP: 7/13
  5670 | D:7      | Found a flagged portal.
  5704 | Bailey   | Entered a bailey
  6164 | Bailey   | HP: 3/83 [orc warrior/+3 halberd (11)]
  6164 | Bailey   | Slain by an orc

Illustrated notes

Levels and vault maps discovered:
D:1:      nzn_arrival_crosshair, layout_basic, glass_columns_a
D:2:      layout_basic, shapermc_ecumenical_altar_rom_forum
D:3:      layout_loops_ring, gammafunk_ghost_split
D:4:      layout_cave_pools, nicolae_dithmenos_shadow_blocks,
          grunt_qazlal_clouds, kennysheep_slug_shrine,
          nicolae_overflow_hidden_temple, roderic_lattice_a,
          dreamdust_mushroom_princess
D:5:      layout_loops_ring, marbit_many_paths, minmay_temple_entry_butterflies
D:6:      layout_loops_ring
D:7:      layout_loops_ring, enter_bailey_5, minmay_starry_boxes
Bailey:   bailey_polearm_flooded_kennysheep, bailey

Skill      XL: |  1  2  3  4  5  6  7  8  9 |
---------------+----------------------------+-----
Fighting       | 1 2 3 |  3.4
Throwing       | 1 2 3 |  3.5
Transmutations | 2 3 |  3.4
Unarmed Combat | 4 5 6 |  6.8
Spellcasting   | 2 3 |  3.5
Translocations | 1 2 |  2.7
Invocations    | 1 2 |  2.1
Ranged Weapons | 1 |  1.3
Dodging        | |  1.7

Action                   |  1- 3 |  4- 6 |  7- 9 || total
-------------------------+-------+-------+-------++-------
Melee: Unarmed           |    63 |    83 |   121 ||   267
       Headbutt          |     1 |     4 |    14 ||    19
       Punch             |       |     3 |     5 ||     8
       Kick              |       |     6 |    19 ||    25
 Fire: Sling             |    55 |    56 |    34 ||   145
       Shortbow          |       |       |   117 ||   117
Throw: Large rock        |     7 |       |    12 ||    19
       Dart              |       |    11 |     5 ||    16
 Cast: Beastly Appendage |     5 |     5 |    14 ||    24
       Wereblood         |       |       |     6 ||     6
Invok: Heroism           |       |     1 |    10 ||    11
Evoke: Wand              |       |     1 |     3 ||     4
  Use: Scroll            |     1 |     2 |     3 ||     6
Armor: Robe              |    21 |    19 |    42 ||    82
Dodge: Dodged            |    58 |    72 |   108 ||   238
Block: Other             |       |       |    28 ||    28

Table legend: (Time is in decaauts)
 A = Elapsed time spent in this place.
 B = Non-inter-level travel time spent in this place.
 C = Inter-level travel time spent in this place.
 D = Time resting spent in this place.
 E = Time spent auto-exploring this place.
 F = Levels seen in this place.
 G = Mean time per level.
                   A        B        C        D        E       F      G
               +--------+--------+--------+--------+--------+-----+--------+
         Total |   6195 |   6034 |    161 |    782 |   3834 |   8 |  774.4 |
       Dungeon |   5705 |   5544 |    161 |    556 |   3756 |   7 |  815.0 |
        Bailey |    490 |    490 |      0 |    226 |     78 |   1 |  490.0 |
               +--------+--------+--------+--------+--------+-----+--------+

Top non-repeatable levels by time:
     D:2: 1142 daAuts
     D:1: 929 daAuts
     D:6: 891 daAuts
     D:4: 873 daAuts
     D:5: 808 daAuts
     D:3: 740 daAuts
  Bailey: 490 daAuts
     D:7: 318 daAuts
